 Dungeon Crawl Stone Soup version 0.28.0-43-g3370ac3207 (webtiles) character file.

Game seed: 15161838464037427780

228 sking99 the Shield-Bearer (level 6, -2/48 HPs)
             Began as a Formicid Fighter on Mar 25, 2022.
             Slain by a bullfrog (4 damage)
             ... in a sewer.
             The game lasted 00:04:44 (3036 turns).

sking99 the Shield-Bearer (Formicid Fighter)        Turns: 3036, Time: 00:04:45

Health: -2/48      AC:  9    Str: 23    XL:     6   Next: 23%
Magic:  6/6        EV:  9    Int:  7    God:
Gold:   87         SH:  4    Dex: 10    Spells: 5/5 levels left

rFire   + . .      SeeInvis +   a - +0 quarterstaff
rCold   + . .      Faith    .   c - +0 buckler
rNeg    . . .      Spirit   .   b - +0 scale mail
rPois   +          Reflect  .   (helmet unavailable)
rElec   +          Harm     .   h - +0 cloak
rCorr   +          Rampage  .   f - +0 pair of gloves
Will    .....                   (no boots)
Stlth   ..........              (no amulet)
HPRegen 0.16/turn               (no ring)
MPRegen 0.10/turn               (no ring)

@: mighty, brilliant, resistant, attractive
A: permanent stasis, dig shafts and tunnels, antennae 3, four strong arms
a: Dig


You were in a sewer.
You visited 1 branch of the dungeon, and saw 3 of its levels.
You also visited: Sewer.

You collected 87 gold pieces.

Inventory:

Hand Weapons
 a - a +0 quarterstaff (weapon)
Armour
 b - a +0 scale mail (worn)
 c - a +0 buckler (worn)
 f - a +0 pair of gloves (worn)
 h - a +0 cloak (worn)
Wands
 n - a wand of digging (4)
Scrolls
 e - a scroll of teleportation {unknown}
 g - 2 scrolls of fog {unknown}
 j - 2 scrolls of identify {unknown}
 k - a scroll of fear {unknown}
 l - a scroll of immolation {unknown}
Potions
 m - a potion of resistance


   Skills:
 + Level 4.2 Fighting
 * Level 4.1 Staves
 + Level 4.4 Armour
 + Level 4.6 Shields


You had 5 spell levels left.
You didn't know any spells.
Your spell library contained the following spells:

 Spells                   Type           Power      Damage    Failure   Level
 Conjure Flame            Conj/Fire      0%         6-21      99%         3
 Ignite Poison            Fire/Tmut/Pois 0%         N/A       99%         3
 Sticky Flame             Conj/Fire      0%         2d3       100%        4


Dungeon Overview and Level Annotations

Branches:
Dungeon (3/15)              Sewer (1/1)

Altars:
Vehumet


Innate Abilities, Weirdness & Mutations

You cannot be hasted, slowed, berserked, paralysed or teleported.
You can dig through walls and to a lower floor.
You have a pair of large antennae on your head. (SInv)
Your four strong arms can wield two-handed weapons with a shield.


Message History

The bullfrog hits you. The bullfrog barely misses you. x2
You closely miss the bullfrog.
The bullfrog is severely wounded.
The bullfrog hits you. The bullfrog barely misses you. The bullfrog hits you.
The bullfrog closely misses you.
You closely miss the bullfrog.
The bullfrog is severely wounded.
The bullfrog closely misses you. The bullfrog hits you.
The quokka twitches its whiskers.
The bullfrog barely misses you.
You miss the bullfrog.
The bullfrog is severely wounded.
You block the bullfrog's attack. x2; The bullfrog closely misses you.
The bullfrog hits you!
* * * LOW HITPOINT WARNING * * *
Unknown command.
The bullfrog hits you!
* * * LOW HITPOINT WARNING * * *
The bullfrog closely misses you.
The bullfrog hits you but does no damage.
The bullfrog hits you.
* * * LOW HITPOINT WARNING * * *
Okay, then.
It was a potion of resistance.
You feel protected.
The bullfrog hits you but does no damage. x2
The bullfrog hits you.
* * * LOW HITPOINT WARNING * * *
It was a potion of brilliance.
You feel clever all of a sudden. The bullfrog barely misses you.
The bullfrog hits you but does no damage.
It was a potion of attraction.
You feel attractive to monsters. The bullfrog completely misses you.
The bullfrog barely misses you.
The quokka twitches its whiskers.
The bullfrog barely misses you. The bullfrog completely misses you.
You feel very mighty all of a sudden. The bullfrog hits you.
You die...

#############
#≈≈≈.≈≈≈≈≈≈.#####
#≈≈.≈.≈≈≈≈≈≈..∩.###
#≈≈≈#########≈...≈##
####≈≈≈≈≈≈≈≈≈†≈####≈≈∩#
##≈≈#≈.≈≈≈#####.≈≈≈#####
####.≈≈#######.∩.#..≈≈≈≈≈##
##.≈≈≈≈≈≈#.F≈≈..≈≈####≈≈≈.≈##
##.≈≈≈#≈≈##SF@≈≈≈.≈≈≈≈###≈≈..#
#≈≈≈≈##≈.#†r#######≈≈≈≈≈##≈≈≈≈
##≈≈≈##≈.##†{# ###≈≈≈≈##†≈≈
#≈≈≈≈#≈.≈#≈≈.r≈≈.≈≈≈
##.≈≈≈#≈.≈
##.≈≈##≈≈≈#≈≈≈.≈≈≈≈≈≈
##≈≈≈##≈.
#.≈..#≈≈≈≈#≈≈..$≈≈≈≈≈ #≈.≈≈#≈≈
#∩.≈≈#≈≈≈≈#≈≈.?)?.≈≈≈ {
#≈≈≈≈#.≈ #.≈.≈#≈≈.≈#≈.≈.[(?.≈.
#≈≈≈≈#≈≈ ##≈†≈##≈≈≈##≈≈≈...≈.≈
##≈≈.##≈≈


You could see 2 bullfrogs, a quokka and a ball python.

Vanquished Creatures
  Natasha (thrice) (D:2)
  A gnoll (D:1)
  4 adders
  A worm (D:2)
  A dart slug (D:2)
  A bat (D:2)
  8 endoplasms
  12 giant cockroaches
  6 goblins
  2 hobgoblins
  7 jackals (D:1)
  6 kobolds
  14 quokkas
  10 ball pythons
  10 frilled lizards
  8 rats
94 creatures vanquished.

Notes
Turn   | Place    | Note
-------+----------+-------------------------------------------
     0 | D:1      | sking99 the Formicid Fighter began the quest for the Orb.
     0 | D:1      | Reached XP level 1. HP: 18/18 MP: 1/1
    97 | D:1      | Reached XP level 2. HP: 24/24 MP: 2/2
   518 | D:1      | Reached XP level 3. HP: 29/29 MP: 3/3
  1338 | D:2      | Reached XP level 4. HP: 37/37 MP: 4/4
  1630 | D:2      | Noticed Natasha
  1635 | D:2      | Killed Natasha
  1636 | D:2      | Reached XP level 5. HP: 42/42 MP: 5/5
  2000 | D:2      | Noticed Natasha
  2006 | D:2      | Killed Natasha
  2091 | D:2      | Noticed Natasha
  2102 | D:2      | Killed Natasha
  2386 | D:3      | Found a radiant altar of Vehumet.
  2409 | D:3      | Found a glowing drain.
  2427 | Sewer    | Entered a sewer
  2518 | Sewer    | Reached XP level 6. HP: 34/48 MP: 6/6
  3033 | Sewer    | HP: 2/48 [bullfrog (2)]
  3036 | Sewer    | Slain by a bullfrog

Illustrated notes

Levels and vault maps discovered:
D:1:      lightli_arrival_statuegarden, layout_basic
D:2:      layout_basic, uniq_natasha
D:3:      layout_basic, lemuel_doored_altar, portal_sewer_entry_f,
          serial_park_tiny_2, kennysheep_generic_room_12
Sewer:    sewer_frog_island_02

Skill      XL: |  1  2  3  4  5  6 |
---------------+-------------------+-----
Shields        | 4 |  4.6
Staves         | 3 4 |  4.1
Armour         | 4 |  4.4
Fighting       | 4 |  4.2

Action                   |  1- 3 |  4- 6 || total
-------------------------+-------+-------++-------
Melee: Quarterstaff      |    86 |   197 ||   283
  Use: Potion            |       |     4 ||     4
Armor: Scale mail        |    39 |   118 ||   157
Dodge: Dodged            |    37 |   104 ||   141
Block: Buckler           |    18 |    46 ||    64
